 Dungeon Crawl Stone Soup version 0.28.0-53-g5a82cb258f (webtiles) character file.

Game seed: 9313763700594707452

1802 Peloso the Carver (level 8, 0/71 HPs)
             Began as a Minotaur Fighter on June 29, 2022.
             Succumbed to a gnoll sergeant's poison
             ... on level 6 of the Dungeon.
             The game lasted 00:15:30 (6418 turns).

Peloso the Carver (Minotaur Fighter)                Turns: 6418, Time: 00:15:30

Health: 0/71       AC: 13    Str: 26    XL:     8   Next: 83%
Magic:  7/7        EV:  9    Int:  5    God:
Gold:   360        SH:  5    Dex: 13    Spells: 7/7 levels left

rFire   + . .      SeeInvis .   a - +0 long sword (freeze)
rCold   . . .      Faith    .   c - +0 buckler
rNeg    + . .      Spirit   .   l - +0 chain mail
rPois   .          Reflect  .   (helmet restricted)
rElec   .          Harm     .   (no cloak)
rCorr   .          Rampage  .   v - +1 pair of gloves of the Ego {Drain rN+ Str+6}
Will    .....                   (no boots)
Stlth   ..........              (no amulet)
HPRegen 0.21/turn               (no ring)
MPRegen 0.10/turn               (no ring)

@: lethally poisoned (0 -> -4), on berserk cooldown, slowed, very slow
A: horns 2, retaliatory headbutt, fire resistance 1, inability to read while
threatened
a: no special abilities


You were on level 6 of the Dungeon.
You visited 2 branches of the dungeon, and saw 7 of its levels.

You collected 360 gold pieces.

Inventory:

Hand Weapons
 a - a +0 long sword of freezing (weapon)
Armour
 b - a +0 scale mail
 c - a +0 buckler (worn)
 i - the +1 leather armour of the Stars {Fly Str+4}
   (You found it on level 2 of the Dungeon)

   Str:       It affects your strength (+4).
   Fly:       It grants you flight.
 l - a +0 chain mail (worn)
 v - the +1 pair of gloves of the Ego (worn) {Drain rN+ Str+6}
   (You found it on level 4 of the Dungeon)

   Str:       It affects your strength (+6).
   rN:        It protects you from negative energy.
   Drain:     It drains your maximum health when unequipped.
Jewellery
 f - an amulet of the acrobat
 p - a +4 ring of evasion
 s - a ring of poison resistance
 x - the ring of Ynoemuah {Str+4 SInv}
   (You found it on level 5 of the Dungeon)

   [ring of see invisible]

   Str:       It affects your strength (+4).
   SInv:      It lets you see invisible.
Scrolls
 h - a scroll of teleportation {unknown}
 j - a scroll of holy word {unknown}
 k - 2 scrolls of amnesia
 m - a scroll of acquirement {unknown}
 q - a scroll of enchant weapon {unknown}
 r - a scroll of fog {unknown}
 t - a scroll of immolation {unknown}
 u - a scroll of summoning {unknown}
 y - a scroll of magic mapping {unknown}
Potions
 d - a potion of might
 g - a potion of invisibility
 n - a potion of berserk rage
 w - a potion of cancellation {unknown}


   Skills:
 + Level 6.8 Fighting
 + Level 8.7 Long Blades
 + Level 8.0 Armour
 + Level 3.0 Dodging
 + Level 0.1 Stealth
 + Level 5.7 Shields


You had 7 spell levels left.
You didn't know any spells.
Your spell library contained the following spells:

 Spells                   Type           Power      Damage    Failure   Level
 Sandblast                Erth           0%         2d4       98%         1
 Passwall                 Tmut/Erth      0%         N/A       99%         2
 Sublimation of Blood     Necr           0%         N/A       99%         2
 Wereblood                Tmut           0%         N/A       99%         2
 Call Canine Familiar     Summ           0%         N/A       100%        3
 Portal Projectile        Hex/Tloc       0%         N/A       100%        3
 Stone Arrow              Conj/Erth      0%         3d7       100%        3
 Leda's Liquefaction      Hex/Erth       0%         N/A       100%        4
 Blade Hands              Tmut           0%         N/A       100%        5
 Irradiate                Conj/Tmut      0%         3d13      100%        5
 Iskenderun's Battlesphe  Conj           0%         2d6       100%        5
 Iron Shot                Conj/Erth      0%         9d1       100%        6
 Dragon Form              Tmut           0%         N/A       100%        7
 Spellforged Servitor     Conj/Summ      0%         N/A       100%        7
 Summon Hydra             Summ           0%         N/A       100%        7


Dungeon Overview and Level Annotations

Branches:
Dungeon (6/15)             Temple (1/1) D:4

Altars:
Ashenzari
Cheibriados
Dithmenos
Elyvilon
Fedhas
Gozag
Hepliaklqana
Kikubaaqudgha
Makhleb
Nemelex Xobeh
Qazlal
Ru
Sif Muna
Trog
Uskayaw
Vehumet
Wu Jian
Xom
Yredelemnul
Zin
The Shining One

Shops:
D:1 (   D:3 =

Annotations:
D:6 1 runed translucent door, Crazy Yiuf


Innate Abilities, Weirdness & Mutations

You have a pair of horns on your head.
You reflexively headbutt those who attack you in melee.
Your flesh is heat resistant. (rF+)
You sometimes lose the ability to read scrolls when taking damage.


Message History

You are lethally poisoned!
You barely miss the gnoll sergeant. You headbutt the gnoll sergeant.
The gnoll sergeant is almost dead.
* * * LOW HITPOINT WARNING * * *
You feel very sick.
The gnoll sergeant hits you with a +4 spear of venom.
* * * LOW HITPOINT WARNING * * *
You feel better.
The gnoll sergeant hits you with a +4 spear of venom!
* * * LOW HITPOINT WARNING * * *
You are lethally poisoned!
You slash the gnoll sergeant! You freeze the gnoll sergeant.
You kill the gnoll sergeant!
* * * LOW HITPOINT WARNING * * *
You feel very sick.
It was a potion of berserk rage.
A red film seems to cover your vision as you go berserk!
You feel yourself moving faster!
You feel mighty!
* * * LOW HITPOINT WARNING * * *
You feel very sick.
You are too berserk!
You feel a strong urge to attack something.
* * * LOW HITPOINT WARNING * * *
You feel sick.
Things that are here:
a +4 spear of venom; a +0 ring mail; a +0 kite shield
* * * LOW HITPOINT WARNING * * *
You feel sick.
You feel your anger nearly subside.
* * * LOW HITPOINT WARNING * * *
You feel sick.
You are no longer berserk.
You are exhausted.
You feel yourself slow down.
* * * LOW HITPOINT WARNING * * *
You feel sick.
It was a potion of mutation.
You feel extremely strange.
You lose the ability to read scrolls when threatened.
You feel resistant to heat.
You die...

###♣♣♣♣ ##.+..♣. ##...PP.♣
#......♣♣ ################
##...+P♣♣
...............########..###♣♣
#####...######...........#
#..........@..).<....##
#...###############...#
###...g..g##### #####
#######..g..### #####...#
###.# ####(########
#..gg.......# #...#######(.


There were no monsters in sight!

Vanquished Creatures
  Grinder (D:4)
  2 ogres (D:5)
  A necrophage (D:5)
  3 phantoms
  A gnoll sergeant (D:6)
  A scorpion (D:5)
  2 howler monkeys (D:5)
  5 hounds
  A gnoll shaman (D:5)
  3 iguanas
  2 orc wizards
  Natasha (thrice) (D:2)
  28 gnolls
  14 adders
  2 ufetubi (D:5)
  2 adder skeletons (D:4)
  3 worms
  4 dart slugs
  26 orcs
  9 ball pythons
  5 bats
  6 endoplasms
  2 giant cockroaches
  3 goblins
  7 hobgoblins
  14 jackals
  11 kobolds
  5 quokkas
  4 frilled lizards
  4 rats
174 creatures vanquished.

Vanquished Creatures (others)
  4 plants (D:5)
4 creatures vanquished.

Grand Total: 178 creatures vanquished

Notes
Turn   | Place    | Note
-------+----------+-------------------------------------------
     0 | D:1      | Peloso the Minotaur Fighter began the quest for the Orb.
     0 | D:1      | Reached XP level 1. HP: 19/19 MP: 0/0
   100 | D:1      | Found Kovag's Antique Weapon Boutique.
   120 | D:1      | Found a faded altar of an unknown god.
   148 | D:1      | Reached XP level 2. HP: 27/27 MP: 1/1
   629 | D:1      | You fall into a shaft and drop 1 floor!
   653 | D:2      | Reached XP level 3. HP: 33/33 MP: 2/2
   701 | D:2      | Identified the +1 leather armour of the Stars {Fly Str+4}
   958 | D:2      | Noticed Natasha
   962 | D:2      | Killed Natasha
   963 | D:2      | Reached XP level 4. HP: 38/41 MP: 3/3
  1027 | D:2      | Noticed Natasha
  1028 | D:2      | Noticed a phantom
  1035 | D:2      | Killed Natasha
  1042 | D:2      | Killed a phantom
  1043 | D:2      | Reached skill level 5 in Armour
  1043 | D:2      | Reached XP level 5. HP: 6/47 MP: 4/4
  1101 | D:2      | Noticed Natasha
  1111 | D:2      | Killed Natasha
  1556 | D:3      | Found Rickih's Jewellery Boutique.
  1879 | D:3      | Noticed a phantom
  1889 | D:3      | Killed a phantom
  1890 | D:3      | Reached skill level 5 in Fighting
  1890 | D:3      | Reached skill level 5 in Long Blades
  1890 | D:3      | Reached XP level 6. HP: 24/56 MP: 5/5
  2280 | D:3      | Reached skill level 1 in Dodging
  2430 | D:4      | Noticed Grinder
  2430 | D:4      | Found a staircase to the Ecumenical Temple.
  2517 | Temple   | Entered the Ecumenical Temple
  2822 | D:4      | Paralysed by Grinder for 2 turns
  2829 | D:4      | Paralysed by Grinder for 2 turns
  2832 | D:4      | Killed Grinder
  2833 | D:4      | Reached XP level 7. HP: 29/61 MP: 6/6
  3674 | D:4      | Reached skill level 5 in Shields
  3873 | D:4      | Identified the +1 pair of gloves of the Ego {Drain rN+
                  | Str+6}
  4071 | D:5      | Entered Level 5 of the Dungeon
  4311 | D:5      | Reached XP level 8. HP: 54/70 MP: 7/7
  4709 | D:5      | Identified the ring of Ynoemuah {Str+4 SInv}
  5958 | D:6      | Found a runed translucent door.
  5959 | D:6      | Noticed Crazy Yiuf
  6415 | D:6      | HP: 5/106 [poisoned by a gnoll sergeant]
  6417 | D:6      | HP: 2/71 [poisoned by a gnoll sergeant]
  6418 | D:6      | Gained mutation: You sometimes lose the ability to read
                  | scrolls when taking damage. [potion of mutation]
  6418 | D:6      | Gained mutation: Your flesh is heat resistant. (rF+)
                  | [potion of mutation]
  6418 | D:6      | Succumbed to a gnoll sergeant's poison

Illustrated notes

Levels and vault maps discovered:
D:1:      dpeg_arrival_simpleton_a, layout_loops_corners,
          chequers_ecumenical_altar_simple_redux, serial_shops,
          nicolae_shop_trees, corexii_corridor_pit, feat_on_display
D:2:      layout_rooms, uniq_natasha
D:3:      minmay_inner_zag, layout_loops_ring, serial_shops,
          nicolae_shop_hallway_plus
D:4:      layout_basic, minmay_temple_entry_stoned_glass, chequers_garden,
          minmay_between, uniq_grinder
D:5:      lemuel_castle_with_subvaults [lemuel_castle_interior_original],
          layout_loops_ring
D:6:      layout_rooms, uniq_crazy_yiuf_cottage
Temple:   nicolae_temple_the_god_donut

Skill      XL: |  1  2  3  4  5  6  7  8 |
---------------+-------------------------+-----
Shields        | 4 5 |  5.7
Armour         | 4 5 6 7 8 |  8.0
Fighting       | 4 5 6 |  6.8
Long Blades    | 3 4 5 7 8 |  8.7
Dodging        | 1 3 |  3.0
Stealth        | |  0.1

Action                   |  1- 3 |  4- 6 |  7- 9 || total
-------------------------+-------+-------+-------++-------
Melee: Long sword        |    53 |   122 |   284 ||   459
       Headbutt          |     5 |    18 |    52 ||    75
  Use: Scroll            |     1 |     3 |       ||     4
       Potion            |       |       |     8 ||     8
Armor: Scale mail        |    27 |    20 |       ||    47
       Chain mail        |       |    43 |   146 ||   189
Dodge: Dodged            |    38 |    38 |   116 ||   192
Block: Buckler           |    13 |    40 |    74 ||   127
